 Dungeon Crawl Stone Soup version 0.27-a0-1557-g57f10a385c (webtiles) character file.

Game seed: 16323410972445200542

418 mordus the Magician (level 7, -2/49 HPs)
             Began as a Djinni Conjurer on July 15, 2021.
             Slain by Edmund (11 damage)
             ... on level 4 of the Dungeon.
             The game lasted 00:10:58 (3834 turns).

mordus the Magician (Djinni Conjurer)               Turns: 3834, Time: 00:10:59

Health: -2/49      AC:  6    Str:  6    XL:     7   Next: 16%
Gold:   138        EV: 13    Int: 21    God:
                   SH:  0    Dex: 12

rFire    + + .     SeeInvis .   b - +0 dagger (elec)
rCold    . . .     Faith    .   (no shield)
rNeg     . . .     Spirit   .   a - +0 robe
rPois    ∞         Reflect  .   (no helmet)
rElec    .         Harm     .   (no cloak)
rCorr    .         Rampage  .   (no gloves)
Will     .....                  (boots unavailable)
Stlth    ++........             (no amulet)
HPRegen  0.16/turn              d - ring of protection from cold
MPRegen  0.00/turn              k - +4 ring of protection

@: flying
A: sickness immunity, fire resistance 2, cold vulnerability 1, float, innate
caster, hp casting, extra vitality 1
a: no special abilities


You were on level 4 of the Dungeon.
You visited 1 branch of the dungeon, and saw 4 of its levels.

You collected 138 gold pieces.

Inventory:

Hand Weapons
 b - a +0 dagger of electrocution (weapon)
Armour
 a - a +0 robe (worn)
Magical Staves
 c - a staff of earth
Jewellery
 d - a ring of protection from cold (left hand)
 k - a +4 ring of protection (right hand)
Wands
 i - a wand of digging (5)
 m - a wand of acid (9)
 p - a wand of iceblast (7)
Scrolls
 e - 5 scrolls of identify {unknown}
 g - a scroll of fear {unknown}
 h - a scroll of immolation {unknown}
 l - a scroll of enchant weapon {unknown}
 o - 2 scrolls of teleportation {unknown}
Potions
 f - a potion of brilliance {unknown}
 j - 2 potions of degeneration {unknown}
 n - 2 potions of might {unknown}


   Skills:
 + Level 2.8 Fighting
 + Level 2.3 Short Blades
 + Level 4.0 Dodging
 - Level 1.5 Stealth
 * Level 4.7 Spellcasting


You couldn't memorise any spells.
You knew the following spells:

 Your Spells              Type           Power      Damage    Failure   Level
a - Magic Dart            Conj           96%        1d7       1%          1
b - Searing Ray           Conj           48%        3d5       2%          2
c - Dazzling Flash        Conj/Hex       48%        N/A       4%          3
d - Fulminant Prism       Conj/Hex       12%        3d9       16%         4
e - Iskenderun's Mystic   Conj/Tloc      24%        2d7       16%         4
f - Pain                  Necr           96%        1d8       1%          1
g - Call Imp              Summ           24%        N/A       2%          2
h - Frozen Ramparts       Ice            48%        1d6       4%          3
Your spell library was empty.

Dungeon Overview and Level Annotations

Branches:
Dungeon (4/15)
 Temple: D:4-7

Altars:
Qazlal
Sif Muna
Xom
The Shining One

Annotations:
D:4 Edmund


Innate Abilities, Weirdness & Mutations

You are immune to sickness and miasma.
You are immune to poison.
Your flesh is very heat resistant. (rF++)
You are vulnerable to cold. (rC-)
You float through the air rather than walking.
You learn spells naturally, not from books.
Your magical power is your life essence.
You have superior vitality. (+4 HP)


Message History

Aiming: Searing Ray (safe; 2% risk of failure)
Press: ? - help, Shift-Dir - straight line, f - Menkaure
Aim: Menkaure (severely damaged, fast, 89% to hit)
The searing ray hits Menkaure!
You destroy Menkaure! (Press . to maintain the ray.)
* * * LOW HITPOINT WARNING * * *
Your Dodging skill increases to level 4!
You have reached level 7!
The power to cast Frozen Ramparts wells up from within.
Spell assigned to 'h'.
* * * LOW HITPOINT WARNING * * *
The searing ray hits Edmund.
Edmund is almost dead.
* * * LOW HITPOINT WARNING * * *
Casting: Searing Ray (safe; 2% risk of failure)
Confirm with . or Enter, or press ? or * to list all spells.
Aiming: Magic Dart (safe; 1% risk of failure)
Press: ? - help, Shift-Dir - straight line, f - Edmund
Aim: Edmund, wielding a +4 flail of draining and wearing a +0 leather armour (severely wounded, 100% to hit)
The magic dart hits Edmund.
Edmund is almost dead.
* * * LOW HITPOINT WARNING * * *
Edmund hits you with a +4 flail of draining.
* * * LOW HITPOINT WARNING * * *
Edmund says, "People accused me of being a cutpurse!"
Edmund says, "You wouldn't believe how much I paid for this flail."
Edmund asks, "Have you met my wondrous brother?"
Casting: Magic Dart (safe; 1% risk of failure)
Confirm with . or Enter, or press ? or * to list all spells.
Aiming: Searing Ray (safe; 2% risk of failure)
Press: ? - help, Shift-Dir - straight line, f/p - Edmund
Aim: Edmund, wielding a +4 flail of draining and wearing a +0 leather armour (severely wounded, 79% to hit)
The searing ray misses Edmund. (Press . to maintain the ray.)
* * * LOW HITPOINT WARNING * * *
The searing ray misses Edmund.
* * * LOW HITPOINT WARNING * * *
Edmund hits you with a +4 flail of draining!
You die...

....#...........# #.# .
#.....##.......# #.# ..
#......#.......###.#
#..#..##..............#
......#.)..###.#######
#....#@## #.# #....#.#
#.# #....#..#.####.#
#... #..#...@@.# ....
#..######## ...####.<#
........## #########


You could see Edmund.

Vanquished Creatures
  Menkaure (D:4)
  A scorpion (D:3)
  Jessica (D:3)
  Ijyb (D:4)
  Natasha (twice) (D:3)
  An orc wizard (D:3)
  4 adders
  A worm (D:2)
  2 dart slugs (D:2)
  4 orcs (D:3)
  7 ball pythons
  9 endoplasms
  4 giant cockroaches
  6 hobgoblins
  7 kobolds
  3 quokkas
  3 bats
  4 frilled lizards
  6 goblins
  7 rats
74 creatures vanquished.

Vanquished Creatures (others)
  A fulminant prism (D:4)
  A plant (D:1)
2 creatures vanquished.

Grand Total: 76 creatures vanquished

Notes
Turn   | Place    | Note
-------+----------+-------------------------------------------
     0 | D:1      | mordus the Djinni Conjurer began the quest for the Orb.
     0 | D:1      | Reached XP level 1. HP: 15/15 MP: 0/0
   268 | D:1      | Reached XP level 2. HP: 19/22 MP: 0/0
   821 | D:1      | Found a faded altar of an unknown god.
  1035 | D:1      | Reached XP level 3. HP: 23/26 MP: 0/0
  1035 | D:1      | Learned a level 1 spell: Pain
  1158 | D:1      | Reached skill level 1 in Fighting
  1958 | D:2      | Reached XP level 4. HP: 31/32 MP: 0/0
  2485 | D:3      | Reached skill level 1 in Short Blades
  2855 | D:3      | Noticed Jessica
  2863 | D:3      | Killed Jessica
  2864 | D:3      | Reached XP level 5. HP: 29/38 MP: 0/0
  2864 | D:3      | Learned a level 2 spell: Call Imp
  2940 | D:3      | Found a glowing golden altar of the Shining One.
  2991 | D:3      | Found a stormy altar of Qazlal.
  2994 | D:3      | Noticed Natasha
  3000 | D:3      | Killed Natasha
  3069 | D:3      | Reached XP level 6. HP: 15/43 MP: 0/0
  3113 | D:3      | Noticed Natasha
  3120 | D:3      | Killed Natasha
  3465 | D:3      | Found a shimmering altar of Xom.
  3589 | D:4      | Noticed Ijyb
  3597 | D:4      | Killed Ijyb
  3763 | D:4      | Noticed Menkaure
  3764 | D:4      | Noticed Edmund
  3776 | D:4      | Killed Menkaure
  3777 | D:4      | Reached XP level 7. HP: 6/49 MP: 0/0
  3777 | D:4      | Learned a level 3 spell: Frozen Ramparts
  3834 | D:4      | Slain by Edmund

Illustrated notes

Levels and vault maps discovered:
D:1:      sevenhm_arrival_forest_fort_large_2, layout_loops_corners,
          shapermc_ecumenical_altar_mp_ritualfount, minmay_splitting_lines
D:2:      layout_loops_cross, minmay_misc_feat_chi
D:3:      layout_basic, mainiacjoe_overflow_alcove_2,
          nicolae_tso_carved_into_rock, general_overflow_altar,
          marbit_many_paths, uniq_natasha, uniq_jessica
D:4:      layout_basic, nicolae_gozag_cash_rules_everything_around_me,
          hangedman_decor_points, uniq_menkaure, uniq_ijyb, uniq_sigmund,
          uniq_edmund

Skill      XL: |  1  2  3  4  5  6 |
---------------+-------------------+-----
Fighting       | 1 2 |  2.8
Short Blades   | 1 2 |  2.3
Dodging        | 3 4 |  4.0
Spellcasting   | 4 |  4.7
Stealth        | |  1.5

Action                   |  1- 3 |  4- 6 |  7- 9 || total
-------------------------+-------+-------+-------++-------
Melee: Dagger            |    14 |     7 |       ||    21
 Cast: Magic Dart        |    64 |    63 |     1 ||   128
       Searing Ray       |     1 |    12 |     1 ||    14
       Fulminant Prism   |       |     1 |       ||     1
Armor: Robe              |     3 |     6 |       ||     9
Dodge: Dodged            |    13 |     9 |       ||    22

Table legend: (Time is in decaauts)
 A = Elapsed time spent in this place.
 B = Non-inter-level travel time spent in this place.
 C = Inter-level travel time spent in this place.
 D = Time resting spent in this place.
 E = Time spent auto-exploring this place.
 F = Levels seen in this place.
 G = Mean time per level.
                   A        B        C        D        E       F      G
               +--------+--------+--------+--------+--------+-----+--------+
         Total |   3841 |   3785 |     56 |    287 |   3035 |   4 |  960.2 |
       Dungeon |   3841 |   3785 |     56 |    287 |   3035 |   4 |  960.2 |
               +--------+--------+--------+--------+--------+-----+--------+

Top non-repeatable levels by time:
     D:1: 1605 daAuts
     D:3: 1190 daAuts
     D:2: 781 daAuts
     D:4: 264 daAuts
